 Dungeon Crawl Stone Soup version 0.30-a0-883-g5ad918d77d (webtiles) character file.

Game seed: 17767170385691247536

336 jasper the Poker (level 6, -13/35 HPs)
             Began as a Tengu Reaver on Mar 16, 2023.
             Killed from afar by a steam dragon (18 damage)
             ... with a ball of steam
             ... on level 6 of the Dungeon.
             The game lasted 00:06:34 (2494 turns).

jasper the Poker (Tengu Reaver)                     Turns: 2494, Time: 00:06:35

Health: -13/35     AC: 10    Str: 12    XL:     6   Next: 54%
Magic:  10/10      EV: 12    Int: 15    God:
Gold:   71         SH:  0    Dex: 13    Spells: 8/9 levels left

rFire   . . .      SeeInvis .    r - +0 halberd
rCold   . . .      Faith    .    (shield currently unavailable)
rNeg    . . .      Spirit   .    m - +0 ring mail
rPois   .          Reflect  .    (helmet restricted)
rElec   .          Rampage  .    (no cloak)
rCorr   .                        e - +0 pair of gloves
Will    .....                    (boots unavailable)
Stlth   +                        (no amulet)
HPRegen 0.25/turn                p - +4 ring of protection
MPRegen 0.12/turn                (no ring)

@: flying quickly and evasively, quick
A: beak, talons 3, nimble flight
a: no special abilities


You were on level 6 of the Dungeon.
You visited 1 branch of the dungeon, and saw 4 of its levels.

You collected 119 gold pieces.
You spent 48 gold pieces at shops.

Inventory:

Hand Weapons
 a - a +1 spear
 r - a +0 halberd (weapon)
Missiles
 j - 5 poisoned darts
 q - a throwing net
Armour
 b - a +0 leather armour
 e - a +0 pair of gloves (worn)
 m - a +0 ring mail (worn)
Jewellery
 p - a +4 ring of protection (left hand)
Scrolls
 f - a scroll of silence
 i - 3 scrolls of teleportation
 k - 2 scrolls of poison
 n - a scroll of enchant weapon
Potions
 c - a potion of heal wounds
 d - a potion of lignification {unknown}
 g - a potion of haste {unknown}
 h - a potion of invisibility {unknown}
 l - a potion of ambrosia {unknown}
 o - a potion of attraction {unknown}
 s - a potion of degeneration {unknown}


   Skills:
 - Level 2.0 Fighting
 + Level 7.8 Polearms
 - Level 2.1 Dodging
 - Level 2.0 Spellcasting
 - Level 4.0 Conjurations


You had 8 spell levels left.
You knew the following spells:

 Your Spells              Type           Power      Damage    Failure   Level
a - Kiss of Death         Conj/Necr      28%        2d7       22%         1

Your spell library contained the following spells:

 Spells                   Type           Power      Damage    Failure   Level
 Momentum Strike          Conj/Tloc      14%        3d8       32%         2
 Hailstorm                Conj/Ice       7%         3d4       54%         3
 Kindle Blastsparks       Fire/Tloc/Air  2%         2d10      83%         3
 Fulminant Prism          Conj/Hex       3%         3d5       91%         4
 Iskenderun's Mystic Bla  Conj/Tloc      7%         2d4       91%         4
 Lee's Rapid Deconstruct  Erth           0%         3d4*      100%        5


Dungeon Overview and Level Annotations

Branches:
Dungeon (3/15)

Altars:
Dithmenos
Qazlal

Shops:
D:2 :   D:6 [


Innate Abilities, Weirdness & Mutations

You have a beak for a mouth.
You have claws for feet.
Your magical nature lets you fly swiftly and evasively.


Message History

You hit the steam dragon but do no damage.
The steam dragon is heavily wounded.
The steam dragon breathes steam at you. The ball of steam hits you!
* * * LOW HITPOINT WARNING * * *
The steam dragon closely misses you. x2
You take 14 damage, and have 3/35 hp.
MASSIVE DAMAGE!!
You feel much better. The steam dragon closely misses you.
The steam dragon claws you but does no damage.
You regained 19 hp, and now have 23/35 hp.
You hit the steam dragon. Your kick misses the steam dragon.
The steam dragon is severely wounded.
The steam dragon bites you.
The steam dragon claws you but does no damage.
The steam dragon bites you. The steam dragon closely misses you.
You take 5 damage, and have 18/35 hp.
You hit the steam dragon. You claw the steam dragon.
The steam dragon is almost dead.
The steam dragon bites you! The steam dragon misses you.
You take 7 damage, and have 11/35 hp.
You hit the steam dragon.
You claw the steam dragon, but do no damage.
You peck the steam dragon, but do no damage.
The steam dragon is almost dead.
The steam dragon completely misses you. The steam dragon barely misses you.
You hit the steam dragon but do no damage.
You claw the steam dragon, but do no damage.
The steam dragon is almost dead.
The steam dragon bites you.
* * * LOW HITPOINT WARNING * * *
The steam dragon claws you.
* * * LOW HITPOINT WARNING * * *
You take 7 damage, and have 5/35 hp.
You barely miss the steam dragon. Your kick misses the steam dragon.
Your peck misses the steam dragon.
The steam dragon is almost dead.
The steam dragon breathes steam at you. The ball of steam hits you!!
Ouch! That really hurt!
You die...

#.>#### #..#
#..# #..# #..#
#..#
###########/.#
.......D.$...#
.......@....##
............#
#############


You could see a steam dragon (catching breath).

Vanquished Creatures
  Eustachio (D:6)
  A gnoll bouda (D:6)
  An orc priest (D:6)
  2 adders
  4 gnolls
  A white imp (D:6)
  3 worms (D:2)
  A dart slug (D:2)
  3 orcs (D:6)
  2 endoplasms
  6 giant cockroaches
  5 goblins
  6 hobgoblins
  3 jackals (D:2)
  3 quokkas
  5 ball pythons
  3 bats (D:1)
  4 frilled lizards
  9 kobolds
  2 rats
65 creatures vanquished.

Notes
Turn   | Place    | Note
-------+----------+-------------------------------------------
     0 | D:1      | jasper the Tengu Reaver began the quest for the Orb.
     0 | D:1      | Reached XP level 1. HP: 12/12 MP: 4/4
   125 | D:1      | Reached XP level 2. HP: 11/17 MP: 6/6
   176 | D:1      | Reached skill level 4 in Polearms
   507 | D:1      | Reached XP level 3. HP: 21/21 MP: 7/7
   850 | D:2      | Found Juoh's Book Emporium.
   934 | D:2      | Reached skill level 5 in Polearms
  1225 | D:2      | Reached XP level 4. HP: 26/26 MP: 8/8
  1849 | D:3      | You fall into a shaft and drop 3 floors!
  1969 | D:6      | Found Souquet's Armour Shop.
  1977 | D:6      | Bought a +0 ring mail for 48 gold pieces
  2000 | D:6      | Found a shadowy altar of Dithmenos.
  2006 | D:6      | Found a stormy altar of Qazlal.
  2015 | D:6      | Reached skill level 6 in Polearms
  2015 | D:6      | Gained mutation: Your magical nature lets you fly swiftly
                  | and evasively. [Tengu growth]
  2015 | D:6      | Reached XP level 5. HP: 21/30 MP: 9/9
  2342 | D:6      | Noticed Eustachio
  2390 | D:6      | Killed Eustachio
  2391 | D:6      | Reached skill level 7 in Polearms
  2391 | D:6      | Reached XP level 6. HP: 28/35 MP: 10/10
  2475 | D:6      | Noticed a steam dragon
  2494 | D:6      | Killed from afar by a steam dragon

Illustrated notes

Levels and vault maps discovered:
D:1:      dpeg_arrival_simpleton_b, layout_basic, minmay_worlds_worst_comb
D:2:      layout_loops_ring, serial_shops, shop_fountains, minivault_19,
          kennysheep_flooded_box
D:3:      layout_basic
D:6:      layout_loops_ring, nicolae_overflow_squiral, serial_shops, shop,
          sigmund_army, uniq_maggie, uniq_menkaure, uniq_eustachio

Skill      XL: |  1  2  3  4  5 |
---------------+----------------+-----
Polearms       | 4 5 6 7 |  7.8
Fighting       | |  2.0
Dodging        | |  2.1
Spellcasting   | |  2.0
Conjurations   | |  4.0

Action                     |  1- 3 |  4- 6 || total
---------------------------+-------+-------++-------
  Melee: Spear             |   112 |    82 ||   194
         Peck              |    12 |    15 ||    27
         Kick              |    18 |    42 ||    60
         Punch             |     1 |       ||     1
         Halberd           |       |    55 ||    55
  Throw: Dart              |       |     3 ||     3
    Use: Scroll            |     3 |     3 ||     6
         Potion            |       |     3 ||     3
 Armour: Leather armour    |    18 |    10 ||    28
         Ring mail         |       |    30 ||    30
  Dodge: Dodged            |    36 |    95 ||   131

Table legend: (Time is in decaauts)
 A = Elapsed time spent in this place.
 B = Non-inter-level travel time spent in this place.
 C = Inter-level travel time spent in this place.
 D = Time resting spent in this place.
 E = Time spent auto-exploring this place.
 F = Levels seen in this place.
 G = Mean time per level.
                   A        B        C        D        E       F      G
               +--------+--------+--------+--------+--------+-----+--------+
         Total |   2452 |   2441 |     11 |    223 |   1643 |   4 |  613.0 |
       Dungeon |   2452 |   2441 |     11 |    223 |   1643 |   4 |  613.0 |
               +--------+--------+--------+--------+--------+-----+--------+

Top non-repeatable levels by time:
     D:2: 865 daAuts
     D:1: 816 daAuts
     D:6: 625 daAuts
     D:3: 145 daAuts
